AoeStats
← the_ripper

Fortress

510031512Analyzed
4v4 RM · 5d ago on Sep 29, 2026· 56m 56s· 8 players
Game mode
Random Map
Map size
Huge
Population
200
Speed
Normal
Resources
Standard
Victory
Conquest
Starting age
Dark Age
Ending age
Imperial Age
RankedLock teamsTeams togetherTeam positionsShared explorationLock speedFull tech treeHidden civsTurbo modeCheats
Victory
Defeat
🇳🇿 Wei · New Zealand
1143
+14
🇺🇸 Hindustanis · United States
1113
+15
🇬🇹 Poles · Guatemala
1101
+16
🇲🇽 Mongols · Mexico
1075
+17
🇦🇷 Mongols · Argentina
1151
-18
🇵🇪 Khmer · Peru
1080
-15
🇨🇱 Turks · Chile
1078
-15
🇲🇽 Maya · Mexico
1071
-14
Mattme1
7:20 Feudal Age
11:45 Castle Age
10:18 Horse Collar
10:24 Double-Bit Axe
17:27 Forging
18:26 Scale Mail Armor
19:41 Squires
21:27 Arson
28:04 Imperial Age
25:26 Loom
26:36 Wheelbarrow
26:17 Bow Saw
27:00 Iron Casting
26:29 Padded Archer Armor
26:55 Gold Mining
27:57 Leather Archer Armor
28:21 Iron Casting
28:03 Chain Mail Armor
27:54 Fletching
28:26 Ballistics
28:17 Masonry
29:49 Chemistry
29:30 Gold Shaft Mining
29:57 Two-Man Saw
28:59 Heavy Plow
29:59 Ring Archer Armor
29:45 Masonry
30:00 Conscription
30:46 Blast Furnace
30:48 Hand Cart
30:18 Town Watch
30:30 Bodkin Arrow
30:50 Scale Barding Armor
31:40 Bloodlines
31:31 Husbandry
30:52 Light Cavalry
32:48 Chain Barding Armor
34:52 Plate Barding Armor
34:46 Bracer
34:41 Elite Ghulam
35:25 Hussar
37:24 Siege Engineers
39:23 Onager
43:55 Coinage
48:35 Heavy Camel Rider
55:01 Imperial Camel Rider
the_ripper
7:41 Feudal Age
7:52 Feudal Age
9:42 Loom
12:25 Castle Age
11:02 Double-Bit Axe
10:58 Horse Collar
12:51 Gold Mining
13:26 Fletching
14:25 Bow Saw
16:32 Gold Shaft Mining
16:00 Heavy Plow
16:34 Bodkin Arrow
19:32 Bloodlines
22:53 Ballistics
24:17 Wheelbarrow
25:16 Town Watch
25:46 Hand Cart
30:33 Imperial Age
28:35 Husbandry
28:23 Light Cavalry
30:25 Town Patrol
30:54 Forging
31:01 Hussar
31:54 Padded Archer Armor
33:36 Stone Mining
34:47 Iron Casting
34:19 Scale Barding Armor
35:00 Conscription
41:05 Chemistry
43:12 Siege Engineers
45:11 Stone Shaft Mining
44:47 Elite Mangudai
46:14 Caravan
47:06 Bracer
48:08 Blast Furnace
47:29 Chain Barding Armor
49:53 Drill
48:57 Capped Ram
52:16 Siege Ram
Stefan 80808
6:20 Feudal Age
11:06 Castle Age
9:27 Loom
10:21 Double-Bit Axe
10:21 Horse Collar
13:19 Bow Saw
24:52 Wheelbarrow
25:28 Gold Mining
26:00 Heavy Plow
27:32 Hand Cart
31:52 Imperial Age
29:44 Bloodlines
29:35 Husbandry
29:41 Scale Barding Armor
30:18 Forging
30:48 Chain Barding Armor
31:30 Gold Shaft Mining
32:20 Iron Casting
32:21 Stone Mining
32:05 Heavy Hei Guang Cavalry
33:06 Conscription
32:31 Elite Tiger Cavalry
34:26 Stone Shaft Mining
37:12 Ming Guang Armor
38:39 Blast Furnace
38:04 Tuntian
39:44 Fletching
39:54 Padded Archer Armor
40:16 Ballistics
40:56 Chemistry
41:56 Town Watch
43:34 Thumb Ring
43:55 Parthian Tactics
44:30 Light Cavalry
46:33 Coinage
46:16 Hussar
46:55 Bodkin Arrow
47:15 Leather Archer Armor
47:52 Banking
48:10 Bracer
48:40 Ring Archer Armor
51:12 Capped Ram
52:05 Masonry
51:35 Treadmill Crane
52:07 Masonry
Jaffeth15
8:27 Feudal Age
6:43 Loom
13:23 Castle Age
11:35 Double-Bit Axe
11:30 Horse Collar
12:34 Gold Mining
14:11 Szlachta Privileges
17:17 Husbandry
19:24 Scale Barding Armor
24:10 Chain Barding Armor
25:37 Forging
25:53 Town Watch
26:59 Bloodlines
29:30 Iron Casting
36:47 Imperial Age
36:00 Wheelbarrow
36:49 Cavalier
37:53 Heavy Plow
38:58 Conscription
41:22 Blast Furnace
41:46 Hand Cart
44:59 Crop Rotation
45:18 Stone Mining
46:22 Town Patrol
50:08 Light Cavalry
51:35 Stone Shaft Mining
51:28 Murder Holes
53:16 Bow Saw
55:00 Fletching
Sniper_Wolf
0:29 Loom
8:27 Feudal Age
10:17 Double-Bit Axe
13:16 Castle Age
11:27 Gold Mining
11:19 Horse Collar
12:04 Fletching
12:15 Padded Archer Armor
14:23 Bow Saw
15:03 Bodkin Arrow
18:52 Leather Archer Armor
20:48 Wheelbarrow
20:56 Thumb Ring
22:21 Hand Cart
27:48 Imperial Age
29:30 Chemistry
28:40 Bracer
29:06 Conscription
29:58 Ring Archer Armor
31:33 Ballistics
31:57 Masonry
32:56 Two-Man Saw
31:43 Town Watch
32:31 Forging
32:21 Scale Mail Armor
32:18 Elite Plumed Archer
36:15 Chain Mail Armor
36:35 Iron Casting
36:04 Squires
35:49 Arson
44:11 Plate Mail Armor
44:41 Blast Furnace
43:58 Heavy Plow
44:40 Holcans
44:53 Architecture
43:45 Eagle Warrior
tetas de abuela
0:53 Loom
7:51 Feudal Age
8:58 Double-Bit Axe
14:59 Castle Age
14:29 Bloodlines
14:24 Horse Collar
15:46 Forging
16:48 Husbandry
21:18 Wheelbarrow
21:18 Fletching
24:15 Padded Archer Armor
26:18 Bodkin Arrow
30:03 Imperial Age
27:21 Town Watch
28:15 Scale Barding Armor
28:58 Ballistics
29:35 Sipahi
29:55 Leather Archer Armor
29:53 Masonry
34:02 Bombard Tower
35:22 Bracer
36:33 Treadmill Crane
37:29 Parthian Tactics
37:23 Hand Cart
38:59 Ring Archer Armor
39:02 Murder Holes
41:14 Architecture
42:07 Fortified Wall
43:30 Iron Casting
45:50 Caravan
47:20 Chain Barding Armor
GonzaloMig
0:40 Loom
5:29 Feudal Age
11:48 Castle Age
9:45 Horse Collar
11:12 Double-Bit Axe
15:48 Wheelbarrow
14:59 Town Watch
15:39 Town Watch
16:32 Fletching
19:46 Bloodlines
19:40 Gold Mining
20:12 Scale Barding Armor
21:43 Husbandry
23:00 Chain Barding Armor
24:28 Bow Saw
27:40 Bodkin Arrow
35:07 Padded Archer Armor
37:41 Ballistics
38:18 Hand Cart
cuymagico
8:48 Feudal Age
11:47 Castle Age
9:43 Horse Collar
10:06 Double-Bit Axe
15:09 Bow Saw
17:41 Imperial Age
18:20 Heavy Plow
21:12 Crop Rotation
23:06 Wheelbarrow
23:20 Loom
23:25 Town Watch
23:27 Loom
23:48 Gold Mining
24:23 Scale Barding Armor
25:45 Forging
26:34 Double Crossbow
28:12 Chain Barding Armor
28:28 Iron Casting
28:10 Bloodlines
28:06 Husbandry
30:12 Hand Cart
29:58 Town Patrol
29:55 Light Cavalry
32:03 Cavalier
35:28 Caravan
36:58 Gold Shaft Mining
36:19 Elite Ballista Elephant
37:21 Conscription
38:38 Blast Furnace
38:14 Plate Barding Armor
37:56 Elite Battle Elephant
38:56 Hussar
41:40 Tusk Swords
41:53 Siege Engineers
43:34 Fortified Wall
44:43 Scale Mail Armor
Connection lost

Rejoining the realm…

Still unreachable

The connection could not be restored.

Session expired

The server has moved on; the page needs a fresh start.